 Dungeon Crawl Stone Soup version 0.17-a0-737-gf0a300a (webtiles) character file.

934 Ngotmuk the Chopper (level 7, -13/67 HPs)
             Began as a Deep Dwarf Fighter on May 8, 2015.
             Was an Initiate of Ru.
             Mangled by an ogre
             ... wielding a +0 giant club
              (22 damage)
             ... on level 7 of the Dungeon.
             The game lasted 00:11:02 (4827 turns).

Ngotmuk the Chopper (Deep Dwarf Fighter)            Turns: 4827, Time: 00:11:02

Health: -13/67     AC: 11    Str: 21    XL:     7   Next: 86%
Magic:  7/7        EV:  5    Int:  9    God:    Ru [......]
Gold:   290        SH: 10    Dex: 12    Spells: 0 memorised, 6 levels left

rFire  . . .     SeeInvis .     a - +0 war axe
rCold  . . .     Clarity  .     w - +0 chain mail
rNeg   . . .     SustAb   .     c - +0 shield
rPois  .         Gourm    .     (no helmet)
rElec  .         Spirit   .     (no cloak)
rCorr  .         Warding  .     (no gloves)
rMut   .         Stasis   .     B - +0 pair of boots
MR     ++...                    y - amulet of rage
Stlth  ..........               C - ring of protection from magic
                                A - ring of teleport control (curse)

@: non-regenerating, very resistant to hostile enchantments, extremely
unstealthy
A: damage resistance, recharge devices, sense surroundings 1, slow healing 3, no
stealth
a: Device Recharging, Renounce Religion, Evoke Berserk Rage, Evoke Teleport
Control


You were on level 7 of the Dungeon.
You worshipped Ru.
Ru was noncommittal.
You were not hungry.

You visited 1 branch of the dungeon, and saw 7 of its levels.

You collected 290 gold pieces.

Inventory:

Hand weapons
 a - a +0 war axe (weapon)
Missiles
 p - 4 tomahawks (quivered)
 N - 8 silver tomahawks
Armour
 c - a +0 shield (worn)
 w - a +0 chain mail (worn)
 B - a +0 pair of boots (worn)
Jewellery
 y - an amulet of rage (around neck)
 A - a cursed ring of teleport control (left hand)
 C - a ring of protection from magic (right hand)
 M - an uncursed ring of stealth {unknown}
Magical devices
 e - a wand of heal wounds (2)
 E - a wand of confusion (21)
Scrolls
 k - 2 scrolls of fear
 l - 3 scrolls of enchant armour
 o - a scroll of blinking
 q - 2 scrolls of immolation
 r - 5 scrolls of remove curse {unknown}
 s - a scroll of teleportation
 F - 3 scrolls of amnesia {unknown}
 G - a scroll of magic mapping
 H - a scroll of silence
 J - a scroll of recharging
 O - a scroll of vulnerability {unknown}
Potions
 d - 2 potions of might
 g - a potion of poison {unknown}
 h - a potion of heal wounds {unknown}
 i - 3 potions of agility {unknown}
 j - a potion of degeneration {unknown}
 n - 4 potions of curing {unknown}
 t - a potion of cancellation {unknown}
 u - 3 potions of haste {unknown}
 x - a potion of brilliance {unknown}
 D - a potion of invisibility {unknown}
 I - a potion of restore abilities {unknown}
 K - a potion of lignification {unknown}
Books
 z - a book of Flames

   Spells                             Type                      Level
   a - Flame Tongue                   Conjuration/Fire             1
   b - Throw Flame                    Conjuration/Fire             2
   c - Conjure Flame                  Conjuration/Fire             3
   d - Inner Flame                    Hexes/Fire                   3
   e - Sticky Flame                   Conjuration/Fire             4
   f - Fireball                       Conjuration/Fire             5
 L - a book of Ice

   Spells                             Type                      Level
   a - Ice Form                       Ice/Transmutation            4
   b - Metabolic Englaciation         Hexes/Ice                    5
   c - Ozocubu's Refrigeration        Ice                          6
   d - Bolt of Cold                   Conjuration/Ice              6
   e - Freezing Cloud                 Conjuration/Ice/Air          6
   f - Simulacrum                     Ice/Necromancy               6
Comestibles
 b - 2 meat rations
 f - 3 bread rations
 m - a royal jelly
 v - 4 fruits


   Skills:
 * Level 5.5 Fighting
 * Level 5.9 Axes
 + Level 5.1 Armour
 + Level 5.2 Shields


You had 6 spell levels left.
You didn't know any spells.

Dungeon Overview and Level Annotations

Branches:
Dungeon (7/15)
 Temple: D:4-7

Altars:
Elyvilon
Fedhas
Nemelex Xobeh
Okawaru
Qazlal
Ru
Vehumet
Xom


Innate Abilities, Weirdness & Mutations

You are resistant to damage.
You can recharge devices by infusing magical energy.
You passively map a small area around you.
You do not heal naturally.
You cannot be stealthy.


Message History

Throwing (i - inventory. (,) - cycle):
p - 5 tomahawks (quivered)
Press: ? - help, Shift-Dir - straight line, f/p - ogre
Aim: an ogre, wielding a giant club (lightly wounded)
You throw a tomahawk. The tomahawk hits the ogre.
The ogre is moderately wounded.
You hit the ogre.
The ogre is moderately wounded.
You block the ogre's attack.
You closely miss the ogre.
The ogre is moderately wounded.
The ogre hits you with a giant club!
* * * LOW HITPOINT WARNING * * *
Your shield and chain mail prevent you from hitting the ogre.
The ogre is moderately wounded.
The ogre hits you with a giant club!
* * * LOW HITPOINT WARNING * * *
You slash the ogre!
The ogre is severely wounded.
The ogre hits you with a giant club!!
You die...

#........+ ,
##........#, *,
####...(.....#** ,
#.............. ,
#.######.#############
#......#.#..†........#
#.####.#.#.####†####.#
#.#....#.#....#.# , *
#.#.####.####.#@#, *
#.#...........#O# , ,
#.#############(#* * *
* #.., , ,,, ... , ###
* ,, ,..( * .....
*..... , #...... * ...
, *


You could see an ogre.

Vanquished Creatures
  2 ogres
  A phantom (D:4)
  A giant frog (D:7)
  3 hounds
  An orc priest (D:7)
  2 giant frog skeletons
  3 worker ants
  3 orc wizards
  7 gnolls
  7 adders
  A shadow imp (D:6)
  An adder skeleton (D:4)
  5 worms
  5 giant geckos
  14 orcs
  17 bats
  A bat skeleton (D:5)
  A bat zombie (D:5)
  2 giant cockroaches (D:3)
  15 goblins
  10 hobgoblins
  5 jackals
  19 kobolds
  3 quokkas
  A ball python skeleton (D:4)
  A giant gecko zombie (D:3)
  2 giant newts (D:2)
  13 rats
146 creatures vanquished.

Notes
Turn   | Place    | Note
--------------------------------------------------------------
     0 | D:1      | Ngotmuk, the Deep Dwarf Fighter, began the quest for the Orb.
     0 | D:1      | Reached XP level 1. HP: 20/20 MP: 1/1
   124 | D:1      | Reached XP level 2. HP: 24/27 MP: 2/2
   564 | D:2      | Reached XP level 3. HP: 20/34 MP: 3/3
   639 | D:2      | Found a white marble altar of Elyvilon.
   640 | D:2      | Found a shimmering altar of Xom.
   660 | D:2      | Found a stormy altar of Qazlal.
   870 | D:2      | Reached XP level 4. HP: 21/42 MP: 4/4
   956 | D:2      | Found a sparkling altar of Nemelex Xobeh.
  1451 | D:3      | Found a radiant altar of Vehumet.
  1749 | D:3      | Found a blossoming altar of Fedhas.
  1861 | D:3      | Reached skill level 4 in Shields
  1861 | D:3      | Reached XP level 5. HP: 14/50 MP: 5/5
  2389 | D:4      | Noticed an ogre
  2403 | D:4      | Killed an ogre
  2403 | D:4      | Reached XP level 6. HP: 25/58 MP: 6/6
  2515 | D:4      | Noticed a phantom
  2570 | D:4      | Found an iron altar of Okawaru.
  2645 | D:4      | Killed a phantom
  2824 | D:4      | Found a sacrificial altar of Ru.
  2830 | D:4      | Became a worshipper of Ru the Awakened
  2989 | D:5      | Entered Level 5 of the Dungeon
  3003 | D:5      | Reached skill level 5 in Fighting
  3003 | D:5      | Reached XP level 7. HP: 37/67 MP: 7/7
  3350 | D:5      | Reached skill level 5 in Axes
  3960 | D:6      | Gained mutation: You cannot be stealthy. [Ru sacrifice]
  4319 | D:6      | Reached skill level 5 in Shields
  4568 | D:7      | Reached skill level 5 in Armour
  4827 | D:7      | Mangled by an ogre

Action                   |  1- 3 |  4- 6 |  7- 9 || total
-------------------------+-------+-------+-------++-------
Melee: War axe           |   107 |   249 |   130 ||   486
Throw: Tomahawk          |    18 |    14 |    10 ||    42
Invok: Sacrifice Stealth |       |       |     1 ||     1
Evoke: Wand              |       |     4 |     3 ||     7
  Use: Scroll            |       |     5 |     4 ||     9
  Eat: Pizza             |       |     1 |       ||     1
       Beef jerky        |       |     1 |       ||     1
       Royal jelly       |       |     1 |       ||     1
       Bread ration      |       |     1 |     1 ||     2
